[Event "Titled Tuesday Blitz June 20 Early 2023"]
[White "Makhnev, Denis"]
[Black "Postny, Evgeny"]
[WhiteFideId "13707647"]
[BlackFideId "2804344"]
[WhiteElo "2515"]
[BlackElo "2504"]
[Result "1-0"]
[Round "11"]
[TimeControl "180+2"]
[Date "2023.06.20"]
[WhiteClock "0:01:23"]
[BlackClock "0:01:05"]
[Board "14"]

1. d4 d5 2. Bg5 h6 3. Bh4 c6 4. c3 Qb6 5. Qb3 Bf5 6. Nd2 Nd7 7. f3 e5 8. e4 Be6 9. Ne2 dxe4 10. Qxb6 axb6 11. Nxe4 Rxa2 12. Rxa2 Bxa2 13. Bg3 f5 14. Nd2 f4 15. Bf2 Be6 16. dxe5 g5 17. Nd4 Ke7 18. h4 Nxe5 19. Nxe6 Kxe6 20. hxg5 Bg7 21. gxh6 Rxh6 22. Rxh6+ Nxh6 23. Bxb6 Nf5 24. Ne4 Kd5 25. b3 Nd7 26. Bc4+ Ke5 27. Bc7+ 1-0


[Site "https://www.chess.com"]

[Event "Titled Tuesday Blitz June 20 Early 2023"]
[White "Aravindh, Chithambaram VR."]
[Black "Srihari L R"]
[WhiteFideId "5072786"]
[BlackFideId "46617116"]
[WhiteElo "2596"]
[BlackElo "2334"]
[Result "0-1"]
[Round "11"]
[TimeControl "180+2"]
[Date "2023.06.20"]
[WhiteClock "0:00:00"]
[BlackClock "0:00:09"]
[Board "15"]

1. g3 d5 2. Bg2 c6 3. f4 g6 4. Nf3 Bg7 5. O-O Nh6 6. d3 O-O 7. c3 f6 8. e4 Nf7 9. Be3 e5 10. Nbd2 Be6 11. fxe5 fxe5 12. d4 Nd7 13. Qc2 Qe7 14. Rae1 Rae8 15. dxe5 dxe4 16. Nxe4 Nfxe5 17. Bg5 Nxf3+ 18. Rxf3 Nf6 19. h4 Kh8 20. Qf2 Bf5 21. Rf4 h6 22. Bxf6 Bxf6 23. Rf1 Be5 24. Qxa7 Bxf4 25. Rxf4 g5 26. hxg5 hxg5 27. Qd4+ Kg8 28. Rf2 Bxe4 29. Re2 Qg7 30. Qxg7+ Kxg7 31. Bxe4 Re5 32. Bd3 Rxe2 33. Bxe2 Rd8 34. Kf2 Rd2 35. b4 Rxa2 36. Ke3 Kf6 37. Bd3 Rg2 38. Kf3 Rg1 39. c4 Ke5 40. b5 c5 41. Kg4 b6 42. Be2 Kd4 43. Kf5 Rxg3 44. Bf1 Rf3+ 0-1


[Site "https://www.chess.com"]

[Event "Titled Tuesday Blitz June 20 Early 2023"]
[White "Henriquez Villagra, Cristobal"]
[Black "Morefield, Jason"]
[WhiteFideId "3409350"]
[BlackFideId "30920825"]
[WhiteElo "2542"]
[BlackElo "2171"]
[Result "1-0"]
[Round "11"]
[TimeControl "180+2"]
[Date "2023.06.20"]
[WhiteClock "0:02:02"]
[BlackClock "0:00:21"]
[Board "16"]

1. g3 e5 2. Bg2 Nf6 3. d3 d5 4. Nf3 Nc6 5. O-O Be7 6. c4 dxc4 7. dxc4 Qxd1 8. Rxd1 Be6 9. b3 h6 10. Nc3 Rd8 11. Be3 Ng4 12. Nb5 Rc8 13. Nxa7 Nxa7 14. Bxa7 b6 15. h3 Nxf2 16. Kxf2 Ra8 17. Nxe5 Rxa7 18. Nc6 Ra3 19. Nxe7 Kxe7 20. Ke3 Bxc4 21. Rdc1 Be6 22. Rxc7+ Kf6 23. Rb7 Bxb3 24. Rf1+ Kg6 25. Be4+ Kh5 26. axb3 Rxb3+ 27. Bd3 Re8+ 28. Kd2 g5 29. Rf6 Rh8 30. Rbxb6 Rxb6 31. Rxb6 g4 32. Rb5+ f5 33. Rxf5+ Kg6 34. Rf8+ 1-0


[Site "https://www.chess.com"]

[Event "Titled Tuesday Blitz June 20 Early 2023"]
[White "Rohith Krishna S"]
[Black "Ibarra Jerez, Jose Carlos"]
[WhiteFideId "46617051"]
[BlackFideId "2226332"]
[WhiteElo "2270"]
[BlackElo "2631"]
[Result "0-1"]
[Round "11"]
[TimeControl "180+2"]
[Date "2023.06.20"]
[WhiteClock "0:01:06"]
[BlackClock "0:00:44"]
[Board "17"]

1. d4 Nf6 2. c4 d6 3. Nc3 e5 4. dxe5 dxe5 5. Qxd8+ Kxd8 6. Bg5 Be6 7. O-O-O+ Nd7 8. Bxf6+ gxf6 9. e4 c6 10. Nge2 Bc5 11. f3 Bxc4 12. Ng3 Be6 13. Nd5 Kc8 14. Kb1 h5 15. Nc3 h4 16. Nf5 Kc7 17. Bd3 Rag8 18. Rd2 Bb4 19. Rc1 Bxc3 20. Rxc3 Bxf5 21. exf5 Rg5 22. b4 Rhg8 23. Rc4 Rxg2 24. Rxg2 Rxg2 25. Rxh4 Nb6 26. Be4 Na4 27. Rh7 Nc3+ 28. Kc1 Nxa2+ 29. Kd1 Nc3+ 30. Ke1 Nxe4 31. fxe4 Rg4 32. Rxf7+ Kb6 33. Rxf6 Rxe4+ 34. Kf2 Rxb4 35. Kg3 a5 36. Rf8 a4 37. h4 Kb5 38. h5 a3 39. Re8 a2 40. Rxe5+ Kb6 0-1


[Site "https://www.chess.com"]

[Event "Titled Tuesday Blitz June 20 Early 2023"]
[White "Atakhan, Abtin"]
[Black "Bharath Subramaniyam H"]
[WhiteFideId "22502203"]
[BlackFideId "46634827"]
[WhiteElo "2008"]
[BlackElo "2400"]
[Result "1-0"]
[Round "11"]
[TimeControl "180+2"]
[Date "2023.06.20"]
[WhiteClock "0:00:03"]
[BlackClock "0:00:00"]
[Board "18"]

1. Nf3 Nf6 2. c4 e6 3. Nc3 d5 4. e3 c6 5. b3 Bd6 6. Bb2 O-O 7. d4 Nbd7 8. Bd3 e5 9. cxd5 cxd5 10. dxe5 Nxe5 11. Be2 Be6 12. O-O Rc8 13. Nb5 Nxf3+ 14. Bxf3 Bb8 15. Rc1 Rxc1 16. Qxc1 Ng4 17. Bxg4 Bxg4 18. Nd4 Qh4 19. h3 Rc8 20. Qd2 h5 21. Rc1 Rxc1+ 22. Qxc1 Bd7 23. Nf3 Qe7 24. Qc3 f6 25. Qa5 Bc6 26. Bd4 b6 27. Qc3 Bd7 28. Qd2 Qd6 29. Bc3 g5 30. Bb4 Qe6 31. Qd4 Kf7 32. Bc3 Bb5 33. Nxg5+ fxg5 34. Qg7+ Ke8 35. Qh8+ Kf7 36. Qxb8 a6 37. Bd4 g4 38. hxg4 hxg4 39. Qc7+ Kg6 40. Qg7+ Kf5 41. Qh7+ Qg6 42. Qc7 Qc6 43. Qf4+ Ke6 44. Qxg4+ Ke7 45. Qg7+ Ke8 46. Qe5+ Kd7 47. Qf5+ Ke8 48. a4 Be2 49. Qe5+ Kd7 50. Qg7+ Ke8 51. Qf6 Qxf6 52. Bxf6 Bd1 53. Bd4 Bxb3 54. Bxb6 Bxa4 55. Kh2 Bc2 56. g4 Kf7 57. f4 Ke6 58. Kg3 Bd1 59. Kh4 Kf6 60. Bc7 Bf3 61. Kh5 1-0


[Site "https://www.chess.com"]

[Event "Titled Tuesday Blitz June 20 Early 2023"]
[White "Drozdowski, Kacper"]
[Black "Amilal Munkhdalai"]
[WhiteFideId "1136720"]
[BlackFideId "4903250"]
[WhiteElo "2497"]
[BlackElo "2293"]
[Result "1-0"]
[Round "11"]
[TimeControl "180+2"]
[Date "2023.06.20"]
[WhiteClock "0:00:16"]
[BlackClock "0:00:23"]
[Board "19"]

1. e4 c5 2. Nf3 Nc6 3. Nc3 e6 4. d4 cxd4 5. Nxd4 Qc7 6. Be3 Nf6 7. Be2 a6 8. O-O Bb4 9. Na4 O-O 10. Nxc6 bxc6 11. Nb6 Rb8 12. Nxc8 Rfxc8 13. Bxa6 Re8 14. Bd3 Bd6 15. g3 Rxb2 16. a4 c5 17. Bc1 Rb4 18. Bd2 Rbb8 19. Qe2 Be5 20. Ra2 d5 21. Bb5 Re7 22. exd5 exd5 23. Qf3 h6 24. c4 Ne4 25. cxd5 Nxd2 26. Rxd2 Bd4 27. Kg2 Rb6 28. Bc6 Re5 29. Qd3 Rb4 30. Re2 Rxe2 31. Qxe2 Rb2 32. Qe8+ Kh7 33. Qd7 Qe5 34. Qxf7 Qe4+ 35. Qf3 Qe5 36. a5 Ra2 37. a6 c4 38. d6 Qxd6 39. Be4+ Kh8 40. Qf5 Kg8 41. Bd5+ Kh8 42. Qc8+ Kh7 43. Be4+ g6 44. Qxc4 Rb2 45. a7 Qf6 46. Qxd4 Qxd4 47. a8=Q h5 48. Qd5 Qf6 49. Qxh5+ Kg7 50. Qf3 Qe5 51. Qf4 Qd4 52. Bf3 Qxf4 53. gxf4 Kf6 54. Kg3 Rb4 55. h4 Rb3 56. Rc1 Rb4 57. Kg4 Ra4 58. Rc6+ Kf7 59. Bd5+ Kg7 60. f3 Ra1 61. Be4 Rg1+ 62. Kh3 Kh6 63. Rxg6+ Rxg6 64. Bxg6 Kxg6 65. Kg4 Kf6 66. f5 Ke5 67. Kg5 Kd6 68. Kg6 1-0


[Site "https://www.chess.com"]

[Event "Titled Tuesday Blitz June 20 Early 2023"]
[White "Ning, Kaiyu"]
[Black "Chigaev, Maksim"]
[WhiteFideId "8614750"]
[BlackFideId "4108116"]
[WhiteElo "2287"]
[BlackElo "2561"]
[Result "1/2-1/2"]
[Round "11"]
[TimeControl "180+2"]
[Date "2023.06.20"]
[WhiteClock "0:00:09"]
[BlackClock "0:00:12"]
[Board "20"]

1. e4 e6 2. d4 d5 3. e5 c5 4. c3 Nc6 5. Nf3 Bd7 6. Be2 f6 7. O-O fxe5 8. Nxe5 Nxe5 9. dxe5 Qc7 10. f4 Nh6 11. Nd2 Nf5 12. Nf3 c4 13. g4 Bc5+ 14. Nd4 Bxd4+ 15. cxd4 Ne7 16. b3 Qa5 17. a4 b5 18. Be3 b4 19. bxc4 dxc4 20. Bxc4 Rc8 21. Qb3 Nd5 22. Bd2 Qb6 23. Bxd5 Qxd4+ 24. Be3 Qxd5 25. Qxd5 exd5 26. f5 Rc4 27. e6 Rxg4+ 28. Kf2 Bc8 29. Bc5 Rc4 30. Bd6 g6 31. Rad1 gxf5 32. Rxd5 Bxe6 33. Ra5 Kd7 34. Rd1 Rc2+ 35. Ke3 Rc3+ 36. Kf4 Rc4+ 37. Ke5 Re4+ 38. Kf6 Kc6 39. Rc5+ Kb7 40. Rb5+ Ka8 41. Rxb4 Rxb4 42. Bxb4 Bb3 43. Rd7 Bxa4 44. Rc7 h5 45. Bc5 Bb5 46. Rxa7+ Kb8 47. Kxf5 Rc8 48. Be3 Rc3 49. Bd4 Rd3 50. Bb6 Bd7+ 51. Kg5 Rd5+ 52. Kh4 Bc8 53. Ra5 Rxa5 54. Bxa5 Bg4 55. Bd2 Bd1 56. h3 Kc8 57. Kg3 Kd7 58. Kh4 Ke6 59. Bg5 Kf7 60. Bd8 Kg6 61. Ba5 Be2 62. Bb4 Bd3 63. Ba5 Ba6 64. Bb4 Bb5 65. Ba5 Ba6 66. Bb4 Bb5 67. Ba5 Ba6 1/2-1/2


[Site "https://www.chess.com"]

[Event "Titled Tuesday Blitz June 20 Early 2023"]
[White "Ilamparthi A R"]
[Black "Timerkhanov, Alexander"]
[WhiteFideId "45015775"]
[BlackFideId "24177938"]
[WhiteElo "2348"]
[BlackElo "2278"]
[Result "1-0"]
[Round "11"]
[TimeControl "180+2"]
[Date "2023.06.20"]
[WhiteClock "0:00:30"]
[BlackClock "0:00:25"]
[Board "21"]

1. d4 d5 2. Bg5 f6 3. Bf4 Nc6 4. e3 g6 5. c4 e5 6. Bg3 exd4 7. exd4 Nge7 8. Nc3 Bg7 9. cxd5 Nxd5 10. Bc4 Nce7 11. Qb3 c6 12. Nge2 O-O 13. O-O Kh8 14. Nxd5 cxd5 15. Bd3 f5 16. Rac1 Nc6 17. Rc5 Be6 18. Qxb7 Nxd4 19. Qxg7+ Kxg7 20. Nxd4 Bf7 21. Be5+ Kg8 22. Rfc1 Re8 23. f4 Qb6 24. b3 Qb4 25. Nf3 Be6 26. Rc7 Rac8 27. Rg7+ Kf8 28. Rd1 Bg8 29. Rd7 Rcd8 30. Bg7# 1-0


[Site "https://www.chess.com"]

[Event "Titled Tuesday Blitz June 20 Early 2023"]
[White "Gritsenko, Nikolai"]
[Black "Gadimbayli, Abdulla"]
[WhiteFideId "14112493"]
[BlackFideId "13404938"]
[WhiteElo "2389"]
[BlackElo "2386"]
[Result "1-0"]
[Round "11"]
[TimeControl "180+2"]
[Date "2023.06.20"]
[WhiteClock "0:00:05"]
[BlackClock "0:00:09"]
[Board "22"]

1. d4 d5 2. Nf3 Nc6 3. e3 Bg4 4. Be2 Nf6 5. Nbd2 Qd6 6. c4 Bxf3 7. gxf3 e5 8. cxd5 Qxd5 9. dxe5 Nxe5 10. Qb3 O-O-O 11. Qxd5 Nxd5 12. a3 g5 13. Ne4 h6 14. Ng3 Nb6 15. Bd2 h5 16. O-O-O Nd5 17. Ne4 Be7 18. Nc3 Nb6 19. Nb5 a6 20. Bc3 f6 21. Nd4 Nd5 22. Nf5 Bc5 23. Bxe5 fxe5 24. Rhg1 g4 25. fxg4 hxg4 26. Bxg4 Kb8 27. h3 Nf6 28. Rxd8+ Rxd8 29. Rd1 Rg8 30. Rg1 Ne4 31. Rg2 Rf8 32. f3 Nd6 33. e4 Nb5 34. h4 Nd4 35. h5 Rf6 36. Rh2 Nxf5 37. Bxf5 Be3+ 38. Kc2 Rd6 39. Rg2 b5 40. Re2 Bf4 41. Rg2 Kb7 42. Re2 Rc6+ 43. Kb3 Rd6 44. Rg2 Rd3+ 45. Kc2 Rxf3 46. Bg6 Rh3 47. Bf7 c6 48. Re2 Kb6 49. Kb1 a5 50. Ka2 a4 51. Be6 Rxh5 52. Rc2 Rh6 53. Bd7 Rd6 54. Bf5 c5 55. Rg2 Rd1 56. Rg6+ Kb7 57. Rg7+ Kb6 58. Rg6+ Ka5 59. Rg8 b4 60. Ra8+ Kb5 61. Rb8+ Kc4 62. Be6+ Kd4 63. Rd8+ Kxe4 64. Rxd1 b3+ 65. Kb1 Kf3 66. Bd7 e4 67. Bc6 Ke2 68. Rd8 e3 69. Re8 Kd2 70. Bb5 Bg5 71. Re4 Bf6 72. Rxa4 Bd4 73. Ra6 e2 74. Bxe2 Kxe2 75. a4 c4 76. a5 Ke3 77. Rd6 Bc5 78. Rd5 Ba7 79. Rd7 Bc5 80. a6 c3 81. a7 c2+ 82. Kc1 Ke2 83. Re7+ Kd3 84. a8=Q Bxe7 85. Qd5+ Ke2 86. Qxb3 Bg5+ 87. Kxc2 Bd2 88. Qc4+ 1-0


[Site "https://www.chess.com"]

[Event "Titled Tuesday Blitz June 20 Early 2023"]
[White "Idani, Pouya"]
[Black "Mendonca, Leon Luke"]
[WhiteFideId "12510130"]
[BlackFideId "35028561"]
[WhiteElo "2574"]
[BlackElo "2464"]
[Result "1-0"]
[Round "11"]
[TimeControl "180+2"]
[Date "2023.06.20"]
[WhiteClock "0:00:19"]
[BlackClock "0:00:07"]
[Board "23"]

1. e4 Nf6 2. e5 Ng8 3. d4 d6 4. Nf3 Bg4 5. exd6 cxd6 6. h3 Bh5 7. c4 Nf6 8. Nc3 e6 9. Be2 Be7 10. O-O O-O 11. d5 e5 12. Ng5 Bxe2 13. Qxe2 Nbd7 14. Nf3 Rc8 15. b3 Ne8 16. Bb2 f5 17. Rfe1 Bf6 18. Rad1 g6 19. b4 b6 20. Nb5 Ra8 21. Ba3 a6 22. Nc3 a5 23. bxa5 Rxa5 24. Bb4 Ra8 25. a4 Nc5 26. a5 Na6 27. Ba3 bxa5 28. c5 Nxc5 29. Bxc5 dxc5 30. Nxe5 Bxe5 31. Qxe5 Nd6 32. Na4 Rc8 33. Qf4 c4 34. Re6 Ne4 35. Qe5 c3 36. f3 c2 37. Rc1 Nf6 38. d6 Nd7 39. Qd5 Kh8 40. Qd4+ Kg8 41. Re7 Nf6 42. Nb6 Rc6 43. Nc4 Rf7 44. Rxf7 Kxf7 45. Ne5+ Kg7 46. Nxc6 Qd7 47. Rxc2 a4 48. Qxa4 Nh5 49. Qd4+ Kh6 50. Ne5 Qb7 51. Qd2+ f4 52. d7 Qa7+ 53. Kh2 Ng3 54. Qxf4+ Kh5 55. Qxg3 Qa5 56. Qg4+ Kh6 57. Qh4+ Kg7 58. Ng4 g5 59. Qg3 h5 60. Qe5+ Qxe5+ 61. Nxe5 Kf6 62. Nc6 g4 63. d8=Q+ Kf5 64. fxg4+ hxg4 65. Qd5+ Kf4 66. Rf2+ Ke3 67. Qd2+ Ke4 68. Rf4# 1-0


[Site "https://www.chess.com"]

[Event "Titled Tuesday Blitz June 20 Early 2023"]
[White "Seo, Jung Min"]
[Black "Asavasaetakul, Chawit"]
[WhiteFideId "1734687"]
[BlackFideId "6204856"]
[WhiteElo "2468"]
[BlackElo "1919"]
[Result "1-0"]
[Round "11"]
[TimeControl "180+2"]
[Date "2023.06.20"]
[WhiteClock "0:00:52"]
[BlackClock "0:00:10"]
[Board "24"]

1. d4 d5 2. c4 c6 3. Nf3 Nf6 4. e3 Bf5 5. Nc3 e6 6. Nh4 Be4 7. f3 Bg6 8. Qb3 Qc7 9. Bd2 Be7 10. g3 a6 11. cxd5 cxd5 12. Rc1 Nc6 13. Kf2 O-O 14. Nxg6 hxg6 15. Bd3 Rac8 16. Ne2 Rfe8 17. Kg2 e5 18. dxe5 Qxe5 19. Qxb7 Rc7 20. Qb3 Rb8 21. Qa4 Rxb2 22. Bc3 Qxe3 23. Bxb2 Qxd3 24. Qc2 Qe3 25. Qd1 Bc5 26. Rf1 Re7 27. Nf4 g5 28. Nd3 Qe2+ 29. Qxe2 Rxe2+ 30. Kh1 Bd4 31. Rxc6 Bxb2 32. Nxb2 Rxb2 33. Rxa6 d4 34. Rd1 g4 35. fxg4 Nxg4 36. Rxd4 Nxh2 37. Ra8+ Kh7 38. Rh4+ Kg6 39. Rxh2 1-0


[Site "https://www.chess.com"]

[Event "Titled Tuesday Blitz June 20 Early 2023"]
[White "Jakubowski, Krzysztof"]
[Black "Howell, David W L"]
[WhiteFideId "1112848"]
[BlackFideId "410608"]
[WhiteElo "2359"]
[BlackElo "2567"]
[Result "0-1"]
[Round "11"]
[TimeControl "180+2"]
[Date "2023.06.20"]
[WhiteClock "0:00:06"]
[BlackClock "0:00:05"]
[Board "25"]

1. e4 e6 2. d4 d5 3. Nc3 dxe4 4. Nxe4 Bd7 5. Nf3 Bc6 6. Ned2 Nf6 7. Bd3 Nbd7 8. O-O Be7 9. Re1 O-O 10. c3 a5 11. Qe2 b6 12. Nc4 Bb7 13. Nce5 c5 14. Ng5 Qe8 15. Bb5 cxd4 16. cxd4 Rd8 17. Qd3 Nxe5 18. Rxe5 Bc6 19. Be3 h6 20. Bxc6 Qxc6 21. Nf3 Rc8 22. Rc1 Qb7 23. Rb5 Nd5 24. a3 Rxc1+ 25. Bxc1 Rc8 26. Bd2 Qc6 27. h3 Bf6 28. a4 Qc2 29. Qe2 Qxa4 30. b3 Qa1+ 31. Kh2 Bxd4 32. Qe4 Bf6 33. Qg4 Rd8 34. Bxh6 Qf1 35. Rxd5 Rxd5 36. Be3 Qb5 37. Nd2 Be5+ 38. g3 Qd3 39. Ne4 Qxb3 40. Ng5 Qc2 41. Qh5 Qg6 42. Qf3 Qf5 43. Qe2 Bf6 44. Nf3 Qd3 45. Qa2 g6 46. Qa4 Kg7 47. Qg4 Qf5 48. Qc4 Qxf3 0-1


[Site "https://www.chess.com"]

[Event "Titled Tuesday Blitz June 20 Early 2023"]
[White "Ajay Karthikeyan"]
[Black "Grandelius, Nils"]
[WhiteFideId "35011685"]
[BlackFideId "1710400"]
[WhiteElo "2321"]
[BlackElo "2573"]
[Result "0-1"]
[Round "11"]
[TimeControl "180+2"]
[Date "2023.06.20"]
[WhiteClock "0:00:02"]
[BlackClock "0:00:22"]
[Board "26"]

1. e4 e5 2. Nf3 Nc6 3. Bb5 Nf6 4. O-O Bc5 5. d3 Nd4 6. Nxd4 Bxd4 7. c3 Bb6 8. a4 c6 9. Bc4 d6 10. h3 Rg8 11. b4 a6 12. Be3 g5 13. a5 Bc7 14. Nd2 d5 15. exd5 cxd5 16. Bb3 d4 17. cxd4 exd4 18. Qf3 Qd6 19. Rfe1 dxe3 20. Qxe3+ Kf8 21. Nc4 Qh2+ 22. Kf1 Be6 23. Qc5+ Kg7 24. Qxg5+ Kh8 25. Qxf6+ Rg7 26. Rxe6 fxe6 27. Re1 Qxg2+ 28. Ke2 Qxh3 29. Rg1 Qh5+ 30. Kd2 Qf7 31. Qxg7+ Qxg7 32. Rxg7 Kxg7 33. Ne3 Kf6 34. Ng4+ Ke7 35. d4 h5 36. Ne3 Bf4 37. d5 Rd8 38. Ke2 Bxe3 39. Kxe3 exd5 40. Kd4 Ke6 41. Bd1 h4 42. Bg4+ Kd6 43. f4 Rg8 44. Bf3 Rf8 45. Ke3 h3 46. Bh1 d4+ 47. Kxd4 Rxf4+ 48. Ke3 Rxb4 49. Bxb7 Rxb7 0-1


[Site "https://www.chess.com"]

[Event "Titled Tuesday Blitz June 20 Early 2023"]
[White "Goryachkina, Aleksandra"]
[Black "Mikhailovsky, Vladimir"]
[WhiteFideId "4147103"]
[BlackFideId "34105414"]
[WhiteElo "2471"]
[BlackElo "2244"]
[Result "0-1"]
[Round "11"]
[TimeControl "180+2"]
[Date "2023.06.20"]
[WhiteClock "0:00:00"]
[BlackClock "0:00:06"]
[Board "27"]

1. e4 Nf6 2. e5 Nd5 3. d4 d6 4. Nf3 dxe5 5. Nxe5 c6 6. Be2 Bf5 7. O-O Nd7 8. Nf3 e6 9. a3 h6 10. c4 N5f6 11. Nc3 Bd6 12. d5 Qc7 13. h3 O-O 14. Nd4 Bh2+ 15. Kh1 Be5 16. Nxf5 exf5 17. dxc6 bxc6 18. Qc2 Rfe8 19. Bd2 f4 20. Bf3 Nc5 21. Rad1 Ne6 22. Ne2 Ng5 23. Ng1 Rab8 24. Bc1 c5 25. Rd3 Bd4 26. Ne2 Be5 27. Nc3 Nxf3 28. Rxf3 Rbd8 29. Ne2 g5 30. Rd3 Kg7 31. Rfd1 Rxd3 32. Qxd3 Qc6 33. Kg1 Rb8 34. Qc2 f3 35. Nc3 fxg2 36. Nd5 Nxd5 37. cxd5 Qf6 38. Kxg2 Bd4 39. Qe2 Rb3 40. Rd3 Rxd3 41. Qxd3 Qxf2+ 0-1


[Site "https://www.chess.com"]

[Event "Titled Tuesday Blitz June 20 Early 2023"]
[White "Munkhgal, Gombosuren"]
[Black "Sethuraman, S.P."]
[WhiteFideId "4901266"]
[BlackFideId "5021596"]
[WhiteElo "2528"]
[BlackElo "2543"]
[Result "0-1"]
[Round "11"]
[TimeControl "180+2"]
[Date "2023.06.20"]
[WhiteClock "0:00:00"]
[BlackClock "0:00:11"]
[Board "28"]

1. d4 d5 2. Bf4 Nf6 3. e3 c5 4. dxc5 Qa5+ 5. Nc3 Qxc5 6. Bxb8 Rxb8 7. Bb5+ Kd8 8. Nf3 e6 9. Ne5 Qc7 10. Nd3 a6 11. Ba4 Bd6 12. h3 Ke7 13. Qe2 b5 14. Bb3 Bb7 15. O-O Rhe8 16. a4 b4 17. Nb1 Kf8 18. f4 Ne4 19. Kh2 e5 20. Nd2 exf4 21. exf4 Ng3 22. Qg4 Nxf1+ 23. Rxf1 a5 24. Nf3 Kg8 25. Nd4 Re4 26. Nf5 g6 27. Nh6+ Kh8 28. Kh1 Qe7 29. Qg3 Re8 30. Ne5 Rf8 31. Qd3 Bxe5 32. fxe5 Rxe5 33. Qd4 f6 34. Qb6 Re1 35. Rxe1 Qxe1+ 36. Kh2 Qe5+ 37. Kh1 Bc8 38. Qa7 Qe1+ 39. Kh2 Qe5+ 40. Kh1 Qe6 41. Qxa5 Qe1+ 42. Kh2 Qe5+ 43. Kh1 Be6 44. Qxb4 Re8 45. Qd2 Kg7 46. a5 f5 47. Ba4 Re7 48. b4 f4 49. Ng4 Bxg4 50. hxg4 Qg5 51. Qd4+ Kh6 52. Qf2 Re3 53. Bd7 Qe5 54. Qh4+ Kg7 55. Kh2 f3+ 56. Qg3 f2 57. Qxe5+ Rxe5 58. Bb5 Re1 59. a6 Rb1 60. a7 Ra1 61. Kg3 Rxa7 62. Bd3 Rb7 63. b5 Rf7 64. Bf1 d4 65. g5 h6 66. Kg4 h5+ 67. Kg3 Rf5 68. b6 Rf7 0-1


[Site "https://www.chess.com"]

[Event "Titled Tuesday Blitz June 20 Early 2023"]
[White "Kvaloy, Aksel Bu"]
[Black "Lorparizangeneh, Shahin"]
[WhiteFideId "1528815"]
[BlackFideId "12521604"]
[WhiteElo "2318"]
[BlackElo "2526"]
[Result "0-1"]
[Round "11"]
[TimeControl "180+2"]
[Date "2023.06.20"]
[WhiteClock "0:00:00"]
[BlackClock "0:00:37"]
[Board "29"]

1. e4 c5 2. Nf3 Nc6 3. b4 cxb4 4. d4 d5 5. exd5 Qxd5 6. c4 bxc3 7. Nxc3 Qh5 8. d5 Ne5 9. Bf4 Nxf3+ 10. gxf3 a6 11. Qa4+ Bd7 12. Bb5 Nf6 13. Bxd7+ Nxd7 14. Nb5 Qxf3 15. Nc7+ Kd8 16. Nxa8 Qxh1+ 17. Ke2 Qxa1 18. Qc2 e5 19. dxe6 Bc5 20. exf7 Qd4 21. Bg5+ Kc8 22. Qf5 Qxf2+ 23. Qxf2 Bxf2 24. Kxf2 Rf8 25. Nb6+ Nxb6 0-1


[Site "https://www.chess.com"]

[Event "Titled Tuesday Blitz June 20 Early 2023"]
[White "Simonian, Hrair"]
[Black "Koshulyan, Egor A."]
[WhiteFideId "13302337"]
[BlackFideId "24237000"]
[WhiteElo "2447"]
[BlackElo "2216"]
[Result "1-0"]
[Round "11"]
[TimeControl "180+2"]
[Date "2023.06.20"]
[WhiteClock "0:00:09"]
[BlackClock "0:00:00"]
[Board "30"]

1. e4 c5 2. Nc3 Nc6 3. Bb5 g5 4. Bxc6 dxc6 5. d3 g4 6. Nge2 h5 7. Be3 b6 8. h4 Bg7 9. Qd2 Nf6 10. O-O-O Nd7 11. f3 b5 12. d4 b4 13. Na4 Qa5 14. b3 c4 15. d5 c3 16. Qe1 Nb6 17. Bxb6 axb6 18. Nd4 Bxd4 19. Rxd4 b5 20. a3 c5 21. Nxc5 Qxa3+ 22. Kd1 Qb2 23. Ke2 Qxc2+ 24. Ke3 Qxg2 25. Qf1 gxf3 26. Qxb5+ Kf8 27. Rf1 c2 28. Rd2 f2 29. Rdxf2 Qg3+ 30. Rf3 Qg7 31. Rxf7+ Qxf7 32. Rxf7+ Kxf7 33. Qf1+ Ke8 34. Na4 Bg4 35. Qc4 Rc8 36. Nc5 Bd1 37. Kd2 Rf8 38. Qb5+ Kf7 39. Qb6 Bg4 40. Kxc2 Kg7 41. Kd3 Rf3+ 42. Kd4 Rc3 43. Ne6+ Bxe6 44. Qxe6 Rf8 45. Qxe7+ Rf7 46. Qg5+ Kh7 47. Qxh5+ Kg7 48. Qg5+ Kh7 49. h5 Rff3 50. Qg6+ Kh8 51. h6 Rfd3+ 52. Ke5 Rc7 53. Qf6+ Kh7 54. d6 Rd7 55. Qe6 Rb7 56. Kf5 1-0


[Site "https://www.chess.com"]

[Event "Titled Tuesday Blitz June 20 Early 2023"]
[White "Korchmar, Vasiliy"]
[Black "Vakhlamov, Igor L."]
[WhiteFideId "24131750"]
[BlackFideId "24126748"]
[WhiteElo "2370"]
[BlackElo "2407"]
[Result "1-0"]
[Round "11"]
[TimeControl "180+2"]
[Date "2023.06.20"]
[WhiteClock "0:00:05"]
[BlackClock "0:00:00"]
[Board "31"]

1. e4 c5 2. Nf3 e6 3. g3 d5 4. exd5 exd5 5. d4 Nc6 6. Bg2 Nf6 7. O-O Be7 8. Ne5 Nxd4 9. c4 O-O 10. Nc3 dxc4 11. Nxc4 Be6 12. Ne5 Nd5 13. Be3 Bf6 14. Ng4 Bg5 15. Ne4 Bxg4 16. Bxg5 Bxd1 17. Bxd8 Be2 18. Ba5 Bxf1 19. Kxf1 Ne6 20. Nxc5 Nxc5 21. Bxd5 Rac8 22. Re1 b6 23. Bc3 Rfe8 24. Rd1 Rcd8 25. Rd4 Rd7 26. b4 Red8 27. Bxf7+ Kxf7 28. Rf4+ Ke6 29. bxc5 bxc5 30. Ra4 Kd5 31. Ke2 Re8+ 32. Kd3 Rde7 33. Ra5 Kc6 34. Ra6+ Kb5 35. Ra5+ Kb6 36. Ra3 Rd8+ 37. Kc4 Re4+ 38. Kb3 Rd3 39. Kc2 Rf3 40. Ba5+ Kb5 41. Rxf3 Kxa5 42. Rf7 Kb4 43. Kd3 Rd4+ 44. Kc2 Re4 45. Rb7+ Kc4 46. Kd2 Rd4+ 47. Ke3 Rd3+ 48. Ke2 Ra3 49. Rxg7 Rxa2+ 50. Ke3 Ra3+ 51. Ke4 Ra2 52. f4 Rxh2 53. Rxa7 Kb3 54. f5 c4 55. Rb7+ Kc2 56. f6 c3 57. f7 Rf2 58. Ke5 Kd2 59. Rd7+ Ke2 60. Rc7 Kd2 61. Rd7+ Kc1 62. Ke6 c2 63. Rd4 Kb2 64. Rb4+ Kc3 65. Rf4 Re2+ 66. Kf6 c1=Q 67. f8=Q Qa1 68. Qc5+ Kd3+ 69. Kf5 1-0


[Site "https://www.chess.com"]

[Event "Titled Tuesday Blitz June 20 Early 2023"]
[White "Sattarov, Bobir"]
[Black "Kumsiashvili, Nikoloz"]
[WhiteFideId "14203081"]
[BlackFideId "13600621"]
[WhiteElo "2351"]
[BlackElo "2299"]
[Result "1-0"]
[Round "11"]
[TimeControl "180+2"]
[Date "2023.06.20"]
[WhiteClock "0:02:11"]
[BlackClock "0:00:00"]
[Board "32"]

1. e4 c5 2. Nf3 e6 3. d4 cxd4 4. Nxd4 Nc6 5. Bf4 a6 6. Nxc6 bxc6 7. Nd2 d5 8. Bd3 Nf6 9. O-O Be7 10. e5 Nd7 11. Qg4 g6 12. c3 O-O 13. Nf3 f5 14. Qg3 Nc5 15. Bc2 Ne4 16. Bxe4 fxe4 17. Nd4 Bd7 18. b4 Rc8 19. Nb3 Kg7 20. Be3 Bh4 21. Qh3 Rf5 22. Nc5 Rh5 23. Nxe6+ Bxe6 24. Qxe6 Rc7 25. Bd4 Rf7 26. Qxc6 Kh6 27. e6 Rf3 28. Qd7 Qg8 29. e7 Bxe7 30. Qxe7 Rff5 31. g4 1-0


[Site "https://www.chess.com"]

[Event "Titled Tuesday Blitz June 20 Early 2023"]
[White "Eugene, Floryan"]
[Black "Zemlyanskii, Ivan"]
[WhiteFideId "20694784"]
[BlackFideId "24249971"]
[WhiteElo "2369"]
[BlackElo "2421"]
[Result "0-1"]
[Round "11"]
[TimeControl "180+2"]
[Date "2023.06.20"]
[WhiteClock "0:00:09"]
[BlackClock "0:00:17"]
[Board "33"]

1. d4 d5 2. Nf3 Nf6 3. c4 c6 4. e3 Bf5 5. Nh4 Be4 6. Nc3 e6 7. f3 Bg6 8. Qb3 Qc7 9. Nxg6 hxg6 10. g3 Nbd7 11. Bd2 Bd6 12. f4 a6 13. Rc1 Qb8 14. a4 g5 15. Bg2 gxf4 16. exf4 O-O 17. O-O a5 18. f5 dxc4 19. Qxc4 e5 20. d5 Nb6 21. Qh4 Nbxd5 22. Nxd5 cxd5 23. g4 Qa7+ 24. Kh1 Qd4 25. Bc3 Qxg4 26. Qe1 d4 27. Bxa5 e4 28. Bb4 Bxb4 29. Qxb4 Rad8 30. Rce1 Rfe8 31. Qxb7 e3 32. Qf3 Qxf3 33. Rxf3 Nd5 34. Bf1 Nb4 35. Rf4 Nc2 36. Rc1 e2 37. Rxc2 e1=Q 38. Rg2 d3 39. f6 g6 40. Kg1 0-1


[Site "https://www.chess.com"]